Unix NetHack Version 5.0.0-0 post-release - last build Jul 19 2026 19:10:59 (3aa4ab31751d3886436d94b585a96704892fd477,branch:main).

Game began 2026-07-22 19:20:52, ended 2026-07-22 19:53:27.

Jinnora, neutral female human Monk

         Y
         @####
             ##---------
              #|........
              #|.......|
              #........|
               |[[(^...-
               |)<.....|
               ---------

Jinnora the Initiate            St:17 Dx:12 Co:14 In:12 Wi:11 Ch:11  Neutral
Dlvl:7  $:96 HP:0(46) Pw:30(35) AC:7  Xp:7/1271 T:3638  Burdened

Latest messages:
 You miss the imp.
 The imp hits!
 You hit the imp!
 The imp hits!
 The imp hits!
 You hit the imp!
 You kill the imp!
 There are several objects here.
 Your knapsack cannot accommodate any more items.
 What do you want to eat? [e-huY or ?*] Y
 This lichen corpse tastes delicious!
 You finish eating the lichen corpse.
 What do you want to eat? [e-huY or ?*] Y
 This lichen corpse tastes delicious!
 You stop eating the lichen corpse.
 There are several objects here.
 What do you want to eat? [e-huY or ?*] Y
 You resume your meal.
 You finish eating the lichen corpse.
 There are several objects here.
 You have a little trouble lifting Y - an elven leather helm.
 You hit the gnome queen!
 You hit the gnome queen!
 The gnome queen swings her bow.
 The gnome queen hits!
 You hit the gnome queen!
 The gnome queen swings her bow.
 The gnome queen hits!
 You kill the gnome queen!
 You hit the orc zombie!
 You hit the orc zombie!
 The orc zombie hits!
 You destroy the orc zombie!
 You fall down the stairs.
 The dog picks up a curved sword.
 Suddenly, the kobold falls through a trap door.
 The dog drops a curved sword.
 The dog picks up an orcish helm.
 You see here an orcish cloak.
 The owlbear hits!
 The owlbear hits again!
 You hit the owlbear!
 You hit the owlbear!
 The owlbear hits!
 The owlbear hits again!
 The owlbear grabs you!
 You hit the owlbear!
 The owlbear hits!
 You die...
 Do you want your possessions identified? [ynq] (y) q

Inventory:
 Coins    ('$')
  $ - 96 gold pieces
 Weapons  (')')
  V - 11 blessed +2 darts
  T - 4 uncursed +0 darts
  U - 5 uncursed +0 daggers
 Armor    ('[')
  Y - a cursed -2 elven leather helm
  q - a cursed +0 helm of brilliance
  n - an uncursed rotted +0 pair of water walking boots (being worn)
  r - a cursed +0 pair of water walking boots
  a - an uncursed +0 cloak of invisibility
  s - an uncursed +0 cloak of invisibility
  b - an uncursed +1 robe (being worn)
 Comestibles  ('%')
  f - 6 uncursed apples
  e - 5 uncursed food rations
  h - 4 uncursed fortune cookies
  u - 3 uncursed lembas wafers
  g - 8 uncursed oranges
 Scrolls  ('?')
  x - 2 cursed scrolls of amnesia
  W - 5 uncursed scrolls of blank paper
  y - a cursed scroll of confuse monster
  k - an uncursed scroll of enchant weapon
  z - 2 cursed scrolls of gold detection
  p - a cursed scroll of identify
  B - an uncursed scroll of light
  C - a cursed scroll of light
  j - a blessed scroll of magic mapping
  c - an uncursed scroll of magic mapping
  S - a blessed scroll of teleportation
  A - 2 uncursed scrolls of teleportation
 Spellbooks  ('+')
  i - a blessed spellbook of protection
 Potions  ('!')
  l - an uncursed potion of confusion
  O - an uncursed potion of extra healing
  E - a cursed potion of gain energy
  d - 3 uncursed potions of healing
  H - 3 cursed potions of healing
  I - an uncursed potion of levitation
  K - an uncursed potion of restore ability
  D - a cursed potion of restore ability
  F - a cursed potion of sleeping
 Rings    ('=')
  v - a cursed +1 ring of gain strength
  t - an uncursed ring of searching
 Wands    ('/')
  G - an uncursed wand of create monster (0:2)
  Q - an uncursed wand of stasis (0:2)
 Tools    ('(')
  P - an empty uncursed sack
  Z - an uncursed horn of plenty (0:5)
  L - an uncursed magic marker (0:76)
  o - an uncursed +0 pick-axe
  w - a cursed skeleton key
  R - an uncursed stethoscope
  X - an uncursed tin whistle
 Gems/Stones  ('*')
  M - 2 uncursed worthless pieces of blue glass
  J - an uncursed worthless piece of orange glass
  N - 2 uncursed worthless pieces of red glass
  m - an uncursed worthless piece of violet glass

Jinnora the Monk's attributes:

Background:
 You were an Initiate, a level 7 female human Monk.
 You were neutral, on a mission for Chih Sung-tzu
 who was opposed by Shan Lai Ching (lawful) and Huan Ti (chaotic).
 You were right-handed.
 You were in the Dungeons of Doom, on level 7.
 You entered the dungeon 3638 turns ago.
 You had 1271 experience points, 9 more were needed to attain level 8.

Basics:
 You had 0 out of 46 hit points.
 You had 30 out of 35 energy points (spell power).
 Your armor class was 7.
 Your wallet contained 96 zorkmids.
 Autopickup was off.

Final Characteristics:
 Your strength was 17 (limit:18/100).
 Your dexterity was 12 (limit:18).
 Your constitution was 14 (limit:18).
 Your intelligence was 12 (limit:18).
 Your wisdom was 11 (limit:18).
 Your charisma was 11 (limit:18).

Final Status:
 You were held by an owlbear (north).
 You weren't hungry.
 You were burdened; movement was slightly slowed.
 You were bare handed.
 You were skilled in martial arts.

Final Attributes:
 You were piously aligned.
 You were sleep resistant.
 You were poison resistant.
 You saw invisible.
 You were warned.
 You were stealthy.
 You could walk on water.
 You were guarded.
 Your spell casting was enhanced by wearing a robe.
 You were fast.
 You are dead.

Miscellaneous:
 You encountered 1 bones level.
 Total elapsed playing time was 32 minutes and 34 seconds.

Major events:
 Turn
    1: Jinnora the neutral female human Monk entered the dungeon
  584: entered the Gnomish Mines
  588: attained the rank of Novice (level 3)
  952: reached Mine Town
  984: attained the rank of Initiate (level 6)
 3196: entered Sokoban
 3638: killed by an owlbear

Spells:
 Name                 Level Category     Fail Retention
 protection             1   clerical       0%  76%-100%

Skills:
 Fighting Skills
   martial arts       [Skilled]
 Weapon Skills
   quarterstaff       [Unskilled]
   spear              [Unskilled]
   crossbow           [Unskilled]
   shuriken           [Unskilled]
 Spellcasting Skills
   attack spells      [Unskilled]
   healing spells     [Basic]
   divination spells  [Unskilled]
   enchantment spells [Unskilled]
   clerical spells    [Unskilled]
   escape spells      [Unskilled]
   matter spells      [Unskilled]

Voluntary challenges:
 Character rerolling was not enabled.
 You followed a strict vegan diet.
 You never hit with a wielded weapon.
 You never genocided any monsters.
 You never polymorphed an object.
 You never changed form.
 You used no wishes.
 You did not violate any of the special Sokoban rules.
Achievements:
 You entered a shop.
 You entered the Gnomish Mines.
 You attained the rank of Novice.
 You entered Minetown.
 You entered a temple.
 You attained the rank of Initiate.
 You entered Sokoban.

 The Dungeons of Doom: levels 1 to 7
    Level 1:
    Level 2:
       A fountain.
    Level 3:
       An armor shop.
       Stairs down to The Gnomish Mines.
    Level 4:
       A fountain.
    Level 5:
       Many fountains.
       Oracle of Delphi.
    Level 6:
       A sink, a grave.
       Stairs up to Sokoban, level 5.
    Level 7: <- You were here.
       Final resting place for
          you, killed by an owlbear.
 The Gnomish Mines: levels 4 to 7
    Level 4:
       A grave.
       Final resting place for
          h2g2-Ran-Elf-Fem-Cha, killed by a gnome lord.
    Level 5:
    Level 6:
       Many shops, a temple and an altar, some fountains, a sink.
    Level 7:
 Sokoban:
    Level 5:
       Unsolved.


Vanquished creatures:
  a ghost
  a small mimic
  a leprechaun
  a giant spider
  2 gnome rulers
  2 brown puddings
  2 jaguars
  3 dwarf leaders
  a dust vortex
  a snake
  2 Woodland-elves
 an imp
  a mountain nymph
  6 Uruk-hai
  2 fog clouds
  a yellow light
  2 shriekers
  8 gnome leaders
  2 gnomish wizards
  a ghoul
  2 paper golems
  4 giant ants
  a little dog
  4 dwarves
  a hill orc
  4 rothes
  a giant bat
  4 monkeys
 an orc zombie
  a wererat
  a gas spore
  2 hobbits
  a hobgoblin
  3 giant rats
  a cave spider
 24 gnomes
  5 geckos
  a fox
  2 grid bugs
  6 lichens
  4 newts
114 creatures vanquished.

No species were genocided or became extinct.

Game over:
                       ----------
                      /          \
                     /    REST    \
                    /      IN      \
                   /     PEACE      \
                  /                  \
                  |     Jinnora      |
                  |      96 Au       |
                  |   killed by an   |
                  |     owlbear      |
                  |                  |
                  |                  |
                  |       2026       |
                 *|     *  *  *      | *
        _________)/\\_//(\/(/\)/\//\/|_)_______

Goodbye Jinnora the Monk...

You died in The Dungeons of Doom on dungeon level 7 with 5481 points,
and 96 pieces of gold, after 3638 moves.
You were level 7 with a maximum of 46 hit points when you died.

